 Dungeon Crawl Stone Soup version 0.27-a0-46-g34d46f0a3f (webtiles) character file.

Game seed: 10013100895338782202

21 sahdkjhfkaj the Caller (level 2, -1/24 HPs)
             Began as an Ogre Summoner on Jan 6, 2021.
             Slain by a gnoll
             ... wielding a +0 halberd
              (4 damage)
             ... on level 1 of the Dungeon.
             The game lasted 00:00:49 (1609 turns).

sahdkjhfkaj the Caller (Ogre Summoner)              Turns: 1609, Time: 00:00:49

Health: -1/24      AC:  4    Str: 11    XL:     2   Next: 87%
Magic:  5/5        EV: 10    Int: 16    God:
Gold:   26         SH:  0    Dex:  9    Spells: 2/5 levels left

rFire    . . .     SeeInvis .     - Unarmed
rCold    . . .     Faith    .   (no shield)
rNeg     . . .     Spirit   .   a - +0 robe
rPois    .         Reflect  .   (helmet restricted)
rElec    .         Harm     .   e - +0 cloak
rCorr    .         Rampage  .   (gloves unavailable)
Will     .....                  (boots unavailable)
Stlth    +.........             (no amulet)
HPRegen  0.08/turn              (no ring)
MPRegen  0.09/turn              (no ring)

@: attractive
A: large, unfitting armour, tough skin 1
a: no special abilities


You were on level 1 of the Dungeon.
You visited 1 branch of the dungeon, and saw 1 of its levels.

You collected 26 gold pieces.

Inventory:

Armour
 a - a +0 robe (worn)
 e - a +0 cloak (worn)
Scrolls
 b - a scroll of amnesia {unknown}
 c - a scroll of remove curse {unknown}
 d - a scroll of enchant weapon {unknown}


   Skills:
 - Level 1.7 Dodging
 - Level 1.4 Stealth
 + Level 2.1 Unarmed Combat
 - Level 2.4 Spellcasting
 - Level 3.6 Summonings


You had 2 spell levels left.
You knew the following spells:

 Your Spells              Type           Power        Failure   Level
a - Summon Small Mammal   Summ           52%          4%          1
C - Call Imp              Summ           13%          7%          2

Your spell library contained the following spells:

 Spells                   Type           Power        Failure   Level
 Call Canine Familiar     Summ           13%          14%         3
 Summon Guardian Golem    Hex/Summ       7%           28%         3
 Summon Ice Beast         Ice/Summ       7%           67%         4
 Summon Lightning Spire   Summ/Air       7%           67%         4


Dungeon Overview and Level Annotations

Branches:
Dungeon (1/15)

Altars:


Innate Abilities, Weirdness & Mutations

You are too large for most types of armour.
You have tough skin. (AC +1)


Message History

You hit the gnoll.
The gnoll is lightly wounded.
The gnoll barely misses you.
You barely miss the gnoll.
The gnoll is lightly wounded.
You hit the gnoll but do no damage.
The gnoll is lightly wounded.
The gnoll hits you with a +0 halberd!
You hit the gnoll but do no damage.
The gnoll is lightly wounded.
The gnoll barely misses you.
You completely miss the gnoll.
The gnoll is lightly wounded.
The gnoll hits you with a +0 halberd!
* * * LOW HITPOINT WARNING * * *
Okay, then.
It was a potion of attraction.
You feel attractive to monsters. The gnoll hits you with a +0 halberd.
You die...

#............##.# ###.#...
#............##.######...#.#.
##.###.......##...##...#.#...
#.##...........#....###...#.
#....#......##.###### #.#.#.
#.############......###.#...
#>..........................
#.#####.###########.###.#...
#.# #.#.g@...#......#.####
#.#####.######.#......#.#...
#.....#.# #.#......#.#.##
#####.#.# #.#......#.#.#
#.#.#### #.#......#.#†##
###.#....# #.#......#.#.#.
#...#....# #.#......#.#.#.
#.###....# #.#....†.....#.
#.# #....# #.####+####....


You could see a gnoll.

Vanquished Creatures
  A dart slug (D:1)
  A leopard gecko (D:1)
  4 bats (D:1)
  2 giant cockroaches (D:1)
  2 hobgoblins (D:1)
  2 frilled lizards (D:1)
  4 rats (D:1)
16 creatures vanquished.

Vanquished Creatures (collateral kills)
  A bat (D:1)
  A kobold (D:1)
2 creatures vanquished.

Grand Total: 18 creatures vanquished

Notes
Turn   | Place    | Note
-------+----------+-------------------------------------------
     0 | D:1      | sahdkjhfkaj the Ogre Summoner began the quest for the Orb.
     0 | D:1      | Reached XP level 1. HP: 16/16 MP: 3/3
   296 | D:1      | Reached skill level 1 in Unarmed Combat
   440 | D:1      | Reached XP level 2. HP: 22/24 MP: 5/5
   486 | D:1      | Learned a level 2 spell: Call Imp
  1609 | D:1      | Slain by a gnoll

Illustrated notes

Levels and vault maps discovered:
D:1:      nicolae_arrival_memento_mori, layout_basic

Skill      XL: |  1  2 |
---------------+-------+-----
Unarmed Combat | 1 2 |  2.1
Dodging        | |  1.7
Stealth        | |  1.4
Spellcasting   | |  2.4
Summonings     | |  3.6

Action                   || total
-------------------------++-------
Melee: Unarmed           ||   106
       Punch             ||     1
 Cast: Summon Small Mamm ||     3
  Use: Potion            ||     1
 Stab: Sleeping          ||     2
Armor: Robe              ||    48
Dodge: Dodged            ||    80

Table legend: (Time is in decaauts)
 A = Elapsed time spent in this place.
 B = Non-inter-level travel time spent in this place.
 C = Inter-level travel time spent in this place.
 D = Time resting spent in this place.
 E = Time spent auto-exploring this place.
 F = Levels seen in this place.
 G = Mean time per level.
                   A        B        C        D        E       F      G
               +--------+--------+--------+--------+--------+-----+--------+
         Total |   1607 |   1591 |     16 |      0 |   1382 |   1 | 1607.0 |
       Dungeon |   1607 |   1591 |     16 |      0 |   1382 |   1 | 1607.0 |
               +--------+--------+--------+--------+--------+-----+--------+

Top non-repeatable levels by time:
     D:1: 1607 daAuts
